 Dungeon Crawl Stone Soup version 0.29-a0-620-g13ace881f2 (webtiles) character file.

Game seed: 5691191293264753634

107 PentaManta the Shooter (level 4, -2/22 HPs)
             Began as a Spriggan Hunter on June 18, 2022.
             Killed from afar by an orc wizard (7 damage)
             ... with a puff of flame
             ... on level 3 of the Dungeon.
             The game lasted 00:03:11 (1791 turns).

PentaManta the Shooter (Spriggan Hunter)            Turns: 1791, Time: 00:03:12

Health: -2/22      AC:  2    Str:  7    XL:     4   Next: 56%
Magic:  5/5        EV: 22    Int: 10    God:
Gold:   175        SH:  0    Dex: 20    Spells: 3/3 levels left

rFire   . . .      SeeInvis +   a - +1 shortbow
rCold   . . .      Faith    .   (shield currently unavailable)
rNeg    . . .      Spirit   .   b - +0 robe
rPois   .          Reflect  .   (helmet restricted)
rElec   .          Harm     .   (no cloak)
rCorr   .          Rampage  .   (gloves unavailable)
Will    .....                   (boots unavailable)
Stlth   ++........              m - amulet of the acrobat
HPRegen 0.07/turn               h - +4 ring of evasion
MPRegen 0.09/turn               (no ring)

@: very quick
A: very small, no large weapons, unfitting armour, see invisible, speed 3
a: no special abilities


You were on level 3 of the Dungeon.
You visited 1 branch of the dungeon, and saw 3 of its levels.

You collected 175 gold pieces.

Inventory:

Hand Weapons
 a - a +1 shortbow (weapon)
 l - a +1 dagger of draining
 r - the +7 Spriggan's Knife {stab, EV+4 Stlth+}
   (You found it on level 3 of the Dungeon)

   It is more effective when stabbing unaware enemies, treating them as though
   they were completely helpless.
   EV:        It affects your evasion (+4).
   Stlth:     It makes you more stealthy.
Armour
 b - a +0 robe (worn)
 n - an orb of guile
Jewellery
 h - a +4 ring of evasion (left hand)
 m - an amulet of the acrobat (around neck)
Scrolls
 c - 2 scrolls of immolation
 j - a scroll of identify {unknown}
 k - a scroll of noise {unknown}
 o - 2 scrolls of poison {unknown}
 p - a scroll of fear {unknown}
 q - a scroll of blinking {unknown}
Potions
 d - a potion of curing {unknown}
 e - 3 potions of berserk rage {unknown}
 f - a potion of resistance {unknown}
 g - a potion of might {unknown}
 i - a potion of ambrosia {unknown}
 s - a potion of lignification {unknown}


   Skills:
 - Level 1.5 Fighting
 + Level 7.3 Bows
 - Level 2.6 Dodging
 - Level 1.5 Stealth


You had 3 spell levels left.
You didn't know any spells.
Your spell library contained the following spells:

 Spells                   Type           Power      Damage    Failure   Level
 Ozocubu's Armour         Ice            0%         N/A       75%         3
 Metabolic Englaciation   Hex/Ice        0%         N/A       100%        5
 Simulacrum               Ice/Necr       0%         N/A       100%        6


Dungeon Overview and Level Annotations

Branches:
Dungeon (3/15)

Altars:
Uskayaw


Innate Abilities, Weirdness & Mutations

You are very small and have problems with some larger weapons.
You are too small for most types of armour.
You have supernaturally acute eyesight. (SInv)
You cover ground extremely quickly. (Speed+++)


Message History

Found 8 gold pieces and a scroll labelled FAOPUSARYTS.
The kobold shouts!
You see here a +0 short sword.
You are too injured to fight recklessly!
You are too injured to fight recklessly!
Shoot: a) +1 shortbow
Press: ? - help, Q - select action Shift-Dir - straight line, f - kobold
Aim: a kobold, wielding a +0 dagger (60% to hit)
You shoot an arrow. The arrow hits the kobold!
You kill the kobold!
Unknown command.
You start resting.
An orc wizard is nearby!
Shoot: a) +1 shortbow
Press: ? - help, Q - select action Shift-Dir - straight line, f - orc wizard
Aim: an orc wizard, wielding a +2 dagger of venom and wearing a +0 robe (60% to hit)
You shoot an arrow. The arrow hits the orc wizard!
The orc wizard is heavily wounded.
Shoot: a) +1 shortbow
Press: ? - help, Q - select action Shift-Dir - straight line, f/p - orc wizard
Aim: an orc wizard, wielding a +2 dagger of venom and wearing a +0 robe (heavily wounded, 60% to hit)
You shoot an arrow.
The arrow closely misses the orc wizard.
The orc wizard casts a spell.
The orc wizard flickers and vanishes for a moment.
Shoot: a) +1 shortbow
Press: ? - help, Q - select action Shift-Dir - straight line, f/p - orc wizard
Aim: an orc wizard, wielding a +2 dagger of venom and wearing a +0 robe (heavily wounded, slightly transparent, 60% to hit)
You shoot an arrow. The arrow misses the orc wizard.
The orc wizard points at you and mumbles some strange words.
The magic dart hits you.
* * * LOW HITPOINT WARNING * * *
Shoot: a) +1 shortbow
Press: ? - help, Q - select action Shift-Dir - straight line, f/p - orc wizard
Aim: an orc wizard, wielding a +2 dagger of venom and wearing a +0 robe (heavily wounded, slightly transparent, 60% to hit)
You shoot an arrow.
The arrow closely misses the orc wizard.
The orc wizard gestures at you while chanting.
The puff of flame hits you!
You die...

..##.#......#....#
.###........####.## ##
#......####..# .###
#........###.##
...###......#......#
##..##......########
##.##......# #######
#...####### #.....#
###...## #@....#
###..#######.....#
##......##o....#
########........#
######..........(....#
.......#########.....#
######## #.....#
#.....# #######


You could see an orc wizard (invisible).

Vanquished Creatures
  Natasha (D:3)
  4 adders
  2 worms (D:2)
  4 orcs (D:3)
  4 bats
  2 endoplasms
  2 giant cockroaches (D:3)
  A goblin (D:2)
  3 hobgoblins
  A quokka (D:1)
  3 ball pythons
  5 kobolds
  7 rats
39 creatures vanquished.

Vanquished Creatures (others)
  30 plants (D:2)
30 creatures vanquished.

Grand Total: 69 creatures vanquished

Notes
Turn   | Place    | Note
-------+----------+-------------------------------------------
     0 | D:1      | PentaManta the Spriggan Hunter began the quest for the Orb.
     0 | D:1      | Reached XP level 1. HP: 10/10 MP: 2/2
    42 | D:1      | Reached skill level 5 in Bows
   200 | D:1      | Reached XP level 2. HP: 14/14 MP: 3/3
   639 | D:2      | Found a faded altar of an unknown god.
  1000 | D:2      | Found a hide-covered altar of Uskayaw.
  1145 | D:2      | Reached skill level 6 in Bows
  1145 | D:2      | Reached XP level 3. HP: 18/18 MP: 4/4
  1356 | D:3      | Found the +7 Spriggan's Knife {stab, EV+4 Stlth+}
  1455 | D:3      | Reached XP level 4. HP: 22/22 MP: 5/5
  1531 | D:3      | Noticed Natasha
  1541 | D:3      | Killed Natasha
  1542 | D:3      | Reached skill level 7 in Bows
  1791 | D:3      | Killed from afar by an orc wizard

Illustrated notes

Levels and vault maps discovered:
D:1:      lightli_molten_gateway, layout_basic
D:2:      layout_rooms, ebering_ecumenical_altar_sacrificial, basic_altar,
          serial_bayou_lagoon_a
D:3:      layout_rooms, uniq_natasha

Skill      XL: |  1  2  3  4 |
---------------+-------------+-----
Bows           | 5 6 7 |  7.3
Fighting       | |  1.5
Dodging        | |  2.6
Stealth        | |  1.5

Action                   |  1- 3 |  4- 6 || total
-------------------------+-------+-------++-------
 Fire: Shortbow          |    79 |    33 ||   112
Armor: Robe              |     1 |       ||     1
Dodge: Dodged            |    12 |     3 ||    15

Table legend: (Time is in decaauts)
 A = Elapsed time spent in this place.
 B = Non-inter-level travel time spent in this place.
 C = Inter-level travel time spent in this place.
 D = Time resting spent in this place.
 E = Time spent auto-exploring this place.
 F = Levels seen in this place.
 G = Mean time per level.
                   A        B        C        D        E       F      G
               +--------+--------+--------+--------+--------+-----+--------+
         Total |   1433 |   1379 |     54 |    210 |    868 |   3 |  477.7 |
       Dungeon |   1433 |   1379 |     54 |    210 |    868 |   3 |  477.7 |
               +--------+--------+--------+--------+--------+-----+--------+

Top non-repeatable levels by time:
     D:2: 600 daAuts
     D:3: 418 daAuts
     D:1: 414 daAuts
